 Dungeon Crawl Stone Soup version 0.30-a0-359-gd0147acb1a (webtiles) character file.

Game seed: 17856447908473536835

1185 avis the Chiller (level 7, -1/57 HPs)
             Began as a Demigod Ice Elementalist on Nov 11, 2022.
             Slain by an orc warrior
             ... wielding a +0 halberd
              (10 damage)
             ... on level 5 of the Dungeon.
             The game lasted 00:31:23 (6169 turns).

avis the Chiller (Demigod Ice Elementalist)         Turns: 6169, Time: 00:31:23

Health: -1/57      AC:  9    Str:  9    XL:     7   Next: 99%
Magic:  17/23      EV: 13    Int: 17    God:
Gold:   350        SH:  0    Dex: 22    Spells: 5/12 levels left

rFire   . . .      SeeInvis .    b - +0 longbow
rCold   . . .      Faith    .    (shield currently unavailable)
rNeg    . . .      Spirit   .    i - +0 robe
rPois   .          Reflect  .    l - +0 helmet
rElec   .          Harm     .    (no cloak)
rCorr   .          Rampage  .    (no gloves)
Will    .....                    (no boots)
Stlth   ++........               (no amulet)
HPRegen 0.29/turn                u - ring of magical power
MPRegen 0.18/turn                (no ring)

@: ice-armoured, freezing walls
A: high MP 1, forlorn, divine attributes
a: no special abilities


You were on level 5 of the Dungeon.
You visited 1 branch of the dungeon, and saw 6 of its levels.

You collected 350 gold pieces.

Inventory:

Hand Weapons
 a - the +3 hand axe "Imeump" {vorpal, Str+4}
   (You found it on level 5 of the Dungeon)

   It inflicts extra damage upon your enemies.
   Str:       It affects your strength (+4).
 b - a +0 longbow (weapon)
 w - a +0 sling
 B - a +1 dagger of electrocution
 D - a +1 vorpal flail
 F - a +0 short sword
 G - a +2 vorpal trident
Missiles
 h - 18 stones
 t - 7 poisoned darts
 A - 3 javelins
Armour
 i - a +0 robe (worn)
 l - a +0 helmet (worn)
Jewellery
 u - a ring of magical power (left hand)
Wands
 o - a wand of flame (9)
 z - a wand of light (8)
Scrolls
 c - 4 scrolls of enchant armour {unknown}
 f - 2 scrolls of magic mapping {unknown}
 g - 4 scrolls of teleportation {unknown}
 p - a scroll of noise {unknown}
 r - a scroll of butterflies {unknown}
 s - a scroll of silence {unknown}
 v - a scroll of brand weapon {unknown}
 x - 2 scrolls of fear {unknown}
 y - 2 scrolls of enchant weapon {unknown}
 C - a scroll of immolation {unknown}
Potions
 d - a potion of haste
 e - a potion of curing
 j - a potion of attraction
 k - 2 potions of berserk rage
 m - a potion of cancellation
 n - a potion of mutation {unknown}
 q - a potion of magic
 E - a potion of lignification {unknown}


   Skills:
 - Level 3.0 Fighting
 * Level 6.0 Ranged Weapons
 - Level 2.0 Dodging
 - Level 2.0 Stealth
 - Level 3.0 Spellcasting
 - Level 6.0 Ice Magic


You had 5 spell levels left.
You knew the following spells:

 Your Spells              Type           Power      Damage    Failure   Level
a - Freeze                Ice            88%        1d9       1%          1
o - Ozocubu's Armour      Ice            22%        N/A       4%          3
r - Frozen Ramparts       Ice            44%        1d7       4%          3

Your spell library contained the following spells:

 Spells                   Type           Power      Damage    Failure   Level
 Apportation              Tloc           4%         N/A       17%         1
 Beastly Appendage        Tmut           4%         N/A       17%         1
 Necrotise                Necr           8%         1d4       17%         1
 Wereblood                Tmut           2%         N/A       26%         2
 Spider Form              Tmut/Pois      2%         N/A       45%         3
 Vampiric Draining        Necr           2%         2d6       45%         3
 Summon Ice Beast         Ice/Summ       12%        N/A       45%         4
 Agony                    Necr           2%         N/A       99%         5
 Alistair's Intoxication  Tmut/Pois      1%         N/A       99%         5


Dungeon Overview and Level Annotations

Branches:
Dungeon (6/15)
 Temple: D:4-7

Annotations:
D:3 1 runed translucent door, exclusion: door


Innate Abilities, Weirdness & Mutations

You have an increased reservoir of magic. (+10% MP)
You shall have no god before yourself.
Your divine heritage dramatically boosts your attributes as you level up.


Message History

The arrow hits you!
A hound comes into view.
The orc warrior hits you with a +0 halberd!
There is a stone staircase leading up, spattered with blood here.
The centaur shoots an arrow.
The arrow closely misses you. The orc priest barely misses you.
The orc warrior hits you with a +0 halberd.
You hear a bark!
You climb upwards.
There is a stone staircase leading down, spattered with blood here.
Casting: Ozocubu's Armour (dangerous; 4% risk of failure)
Confirm with . or Enter, or press ? or * to list all spells.
A film of ice covers your body!
The orc priest calls down the wrath of Beogh upon you.
Beogh smites you! The orc warrior misses you.
Casting: Ozocubu's Armour (dangerous; 4% risk of failure)
Confirm with . or Enter, or press ? or * to list all spells.
Casting: Frozen Ramparts (dangerous; 4% risk of failure)
Press: ? - help, Dir - look around, f - activate A stone staircase leading down, spattered with blood.
The walls around you are covered in ice.
The wall freezes the orc priest.
The orc priest hits you with a +0 club.
The wall freezes the orc warrior but does no damage.
The orc warrior hits you with a +0 halberd!
* * * LOW HITPOINT WARNING * * *
You feel better.
The wall freezes the orc priest.
The orc priest barely misses you.
The wall freezes the orc warrior but does no damage.
The orc warrior hits you with a +0 halberd.
* * * LOW HITPOINT WARNING * * *
Fire: b) +0 longbow
Press: ? - help, Q - select action, (/) - cycle Shift-Dir - straight line, f - orc warrior
Aim: an orc warrior, wielding a +0 halberd and wearing a +0 plate armour (65% to hit)
You shoot an arrow. The arrow hits the orc warrior.
The orc warrior is lightly wounded.
The wall freezes the orc priest.
The orc priest hits you but does no damage.
The wall freezes the orc warrior.
The orc warrior hits you with a +0 halberd!
You die...

#.#######...###### #.#
##.##............# #.#
[..##.###...####.# #.# #..##.#
##.## #.# #########.#
.#.##.####.### #.# #.........#
###..........# #[# #.#########
.#.##.#...##.###.######.#
#.......<......[........#########
#######...#....o@o...............
#.......#########.##########
#.#.###.#########.##### #.#.#
#...........#...# ##.#.#
###########...#.# #..>.####
###...###### #..####≈##
####.#...... #..#
#≈~~#########.......####
#..####≈~≈≈..~..##.......#


You could see an orc warrior and an orc priest.

Vanquished Creatures
  Sigmund (D:3)
  Edmund (D:5)
  A centaur (D:5)
  A phantom (D:5)
  2 necrophages (D:5)
  A crimson imp (D:5)
  3 hounds
  2 orc priests
  4 iguanas
  5 orc wizards
  4 gnolls
  7 adders
  A shadow imp (D:4)
  5 dart slugs
  8 orcs
  7 bats
  8 endoplasms
  3 giant cockroaches
  6 goblins
  6 hobgoblins
  6 jackals
  A quokka (D:4)
  2 training dummies (D:5)
  11 ball pythons
  6 frilled lizards
  8 kobolds
  6 rats
116 creatures vanquished.

Vanquished Creatures (others)
  6 plants (D:4)
6 creatures vanquished.

Grand Total: 122 creatures vanquished

Notes
Turn   | Place    | Note
-------+----------+-------------------------------------------
     0 | D:1      | avis the Demigod Ice Elementalist began the quest for the
                  | Orb.
     0 | D:1      | Reached XP level 1. HP: 14/14 MP: 5/5
   343 | D:1      | Reached XP level 2. HP: 20/20 MP: 4/7
   752 | D:1      | Reached skill level 1 in Fighting
  1349 | D:2      | Reached XP level 3. HP: 22/28 MP: 3/9
  1623 | D:2      | Learned a level 3 spell: Frozen Ramparts
  1627 | D:2      | Learned a level 3 spell: Ozocubu's Armour
  1910 | D:2      | Reached XP level 4. HP: 35/35 MP: 3/10
  2703 | D:3      | Reached skill level 5 in Ice Magic
  3341 | D:3      | Noticed Sigmund
  3357 | D:3      | Killed Sigmund
  3358 | D:3      | Reached XP level 5. HP: 38/41 MP: 11/12
  3358 | D:3      | Reached XP level 6. HP: 44/48 MP: 11/13
  3710 | D:3      | Found a runed translucent door.
  4868 | D:5      | Entered Level 5 of the Dungeon
  4869 | D:5      | Noticed Edmund
  4883 | D:5      | Killed Edmund
  4884 | D:5      | Reached XP level 7. HP: 31/55 MP: 14/14
  5263 | D:5      | Reached skill level 5 in Ranged Weapons
  5673 | D:5      | Identified the +3 hand axe "Imeump" {vorpal, Str+4}
  6169 | D:5      | Slain by an orc warrior

Illustrated notes

Levels and vault maps discovered:
D:1:      amcnicky_arrival_choice, layout_loops_corners, minivault_24
D:2:      minmay_chambers_of_ones, layout_basic,
          hellmonk_ecumenical_altar_lost_god
D:3:      layout_basic, corexii_item_surrounded_by_moat, uniq_sigmund,
          uniq_crazy_yiuf_cottage
D:4:      layout_loops_ring, serial_forest, infiniplex_forest_clump_small,
          infiniplex_forest_lined_2, infiniplex_forest_zigzag_2,
          infiniplex_forest_side_room, infiniplex_forest_zigzag_1,
          infiniplex_forest_straight_5, infiniplex_forest_clump_diagonal
D:5:      dreamdust_elfheim, layout_loops_ring,
          grunt_temple_overflow_lords_of_destruction,
          chequers_serial_rivers_small_a, uniq_edmund
D:6:      layout_rooms, temple_hall, uniq_duvessa

Skill      XL: |  1  2  3  4  5  6  7 |
---------------+----------------------+-----
Ice Magic      | 4 5 6 |  6.0
Spellcasting   | 2 3 |  3.0
Fighting       | 1 2 3 |  3.0
Ranged Weapons | 2 3 6 |  6.0
Dodging        | 2 |  2.0
Stealth        | 2 |  2.0

Action                   |  1- 3 |  4- 6 |  7- 9 || total
-------------------------+-------+-------+-------++-------
Melee: Short sword       |     4 |       |       ||     4
 Fire: Sling             |    11 |    69 |       ||    80
       Longbow           |       |    42 |    66 ||   108
 Cast: Freeze            |    55 |     3 |       ||    58
       Frozen Ramparts   |     4 |    17 |     7 ||    28
       Ozocubu's Armour  |     3 |     7 |     6 ||    16
  Use: Potion            |       |     2 |     1 ||     3
       Scroll            |       |     4 |       ||     4
 Stab: Sleeping          |     4 |       |       ||     4
Armor: Robe              |    14 |    15 |     9 ||    38
Dodge: Dodged            |    30 |    27 |    30 ||    87

Table legend: (Time is in decaauts)
 A = Elapsed time spent in this place.
 B = Non-inter-level travel time spent in this place.
 C = Inter-level travel time spent in this place.
 D = Time resting spent in this place.
 E = Time spent auto-exploring this place.
 F = Levels seen in this place.
 G = Mean time per level.
                   A        B        C        D        E       F      G
               +--------+--------+--------+--------+--------+-----+--------+
         Total |   6259 |   5781 |    478 |   1518 |   3098 |   6 | 1043.2 |
       Dungeon |   6259 |   5781 |    478 |   1518 |   3098 |   6 | 1043.2 |
               +--------+--------+--------+--------+--------+-----+--------+

Top non-repeatable levels by time:
     D:1: 1358 daAuts
     D:2: 1292 daAuts
     D:5: 1219 daAuts
     D:3: 1190 daAuts
     D:4: 1156 daAuts
     D:6: 42 daAuts
